 Dungeon Crawl Stone Soup version 0.25.1-2-g60ff931df9 (webtiles) character file.

Game seed: 5793459911852952394

5036 DearestLeader the Geomancer (level 10, -10/59 HPs)
             Began as a Gargoyle Earth Elementalist on Nov 10, 2020.
             Was a Believer of Vehumet.
             Mangled by an ettin
             ... wielding a +0 dire flail
              (32 damage)
             ... on level 9 of the Dungeon.
             The game lasted 00:17:24 (9007 turns).

DearestLeader the Geomancer (GrEE)                  Turns: 9007, Time: 00:17:25

Health: -10/59     AC: 17    Str: 14    XL:     10   Next: 55%
Magic:  18/18      EV: 12    Int: 20    God:    Vehumet [**....]
Gold:   301        SH:  0    Dex: 13    Spells: 2/20 levels left

rFire    . . .     SeeInvis .   E - +11 dagger "Rarhed" {flame, Str+3}
rCold    . . .     Gourm    .   (no shield)
rNeg     + . .     Faith    .   q - +2 robe {MR+}
rPois    ∞         Spirit   .   g - +0 helmet
rElec    +         Reflect  .   o - +0 cloak
rCorr    .         Harm     .   w - +2 pair of gloves {Dex+3}
MR       +....                  i - +0 pair of boots
Stlth    ++........             (no amulet)
HPRegen  0.19/turn              (no ring)
MPRegen  0.16/turn              (no ring)

@: no status effects
A: negative energy resistance 1, electricity resistance, unbreathing,
petrification resistance, rot immunity, AC +7
a: Renounce Religion


You were on level 9 of the Dungeon.
You worshipped Vehumet.
Vehumet was pleased with you.
You were not hungry.

You visited 1 branch of the dungeon, and saw 9 of its levels.

You collected 361 gold pieces.
You spent 60 gold pieces at shops.

Inventory:

Hand Weapons
 E - the +11 dagger "Rarhed" (weapon) {flame, Str+3}
   (You found it on level 8 of the Dungeon)

   It has been specially enchanted to burn those struck by it, causing extra
   injury to most foes and up to half again as much damage against particularly
   susceptible opponents.
   It affects your strength (+3).
Missiles
 b - 320 stones (quivered)
Armour
 g - a +0 helmet (worn)
 i - a +0 pair of boots (worn)
 o - a +0 cloak (worn)
 q - a +2 robe of magic resistance (worn)
 w - a +2 pair of gloves of dexterity (worn)
 z - the +2 robe of Restlessness {Regen+ Str+4 Dex-5}
   (You found it on level 4 of the Dungeon)

   It affects your strength (+4).
   It affects your dexterity (-5).
   It increases your rate of regeneration.
Magical Staves
 C - an uncursed staff of cold
Jewellery
 r - an uncursed ring of fire {unknown}
Wands
 y - a wand of flame (34)
Scrolls
 a - 3 scrolls of teleportation
 e - 3 scrolls of fog
 f - a scroll of identify
 h - 4 scrolls of remove curse
 j - 3 scrolls of amnesia
 k - a scroll of enchant weapon
 u - 2 scrolls of magic mapping
 v - a scroll of blinking {unknown}
 A - 2 scrolls of fear {unknown}
Potions
 c - 2 potions of lignification
 l - a potion of flight {unknown}
 m - a potion of cancellation {unknown}
 n - a potion of might {unknown}
 p - 2 potions of haste
 s - a potion of berserk rage {unknown}
 t - 2 potions of mutation {unknown}
 x - 3 potions of curing
 B - 2 potions of degeneration {unknown}
 D - a potion of heal wounds
Comestibles
 d - 18 rations
 F - 4 chunks of flesh


   Skills:
 - Level 5.0 Fighting
 * Level 4.4 Short Blades
 - Level 1.5 Dodging
 - Level 2.1 Stealth
 + Level 5.9 Spellcasting
 + Level 4.4 Conjurations
 - Level 0.7 Transmutations
 * Level 13.5 Earth Magic


You had 2 spell levels left.
You knew the following spells:

 Your Spells              Type           Power        Failure   Level  Hunger
a - Sandblast             Erth           ######       1%          1    None
b - Passwall              Tmut/Erth      ####....     1%          2    None
c - Stone Arrow           Conj/Erth      #####.       1%          3    ##.....
d - Lee's Rapid Deconstr  Erth           ######....   1%          5    #####..
e - Petrify               Tmut/Erth      ####....     5%          4    ####...
f - Mephitic Cloud        Conj/Pois/Air  ##......     17%         3    ##.....

Your spell library contained the following spells:

 Spells                   Type           Power        Failure   Level  Hunger
 Animate Skeleton         Necr           N/A          11%         1    None
 Apportation              Tloc           #.....       11%         1    None
 Corona                   Hex            #......      11%         1    None
 Summon Small Mammal      Summ           #...         11%         1    None
 Confusing Touch          Hex            #.......     32%         3    ##.....
 Gell's Gravitas          Tloc           #.........   32%         3    ##.....
 Yara's Violent Unravell  Hex/Tmut       #.........   94%         5    #####..
 Metabolic Englaciation   Hex/Ice        #.........   96%         5    #####..


Dungeon Overview and Level Annotations

Branches:
Dungeon (9/15)             Temple (0/1) D:7
   Lair: D:8-11         Orc: D:9-12

Altars:
Ashenzari
Dithmenos
Gozag
Hepliaklqana
Kikubaaqudgha
Makhleb
Nemelex Xobeh
Uskayaw
Vehumet
Wu Jian
Yredelemnul
The Shining One

Shops:
D:5 (   D:7 !


Innate Abilities, Weirdness & Mutations

You are resistant to torment.
Your stone body is resilient. (AC +7)
You are immune to poison.
You resist negative energy. (rN+)
You are resistant to electric shocks. (rElec)
You can survive without breathing.
You are immune to petrification.
You are immune to rotting.


Message History

You hear two shouts!
The centaur warrior skeleton hits you but does no damage.
You hear an angry hiss.
You hear a bellow!
You hear a shout!
You puncture the centaur warrior skeleton!
You burn the centaur warrior skeleton.
The centaur warrior skeleton is almost destroyed.
The centaur warrior skeleton barely misses you.
You puncture the centaur warrior skeleton!
You burn the centaur warrior skeleton.
You destroy the centaur warrior skeleton!
Vehumet accepts your kill.
An ettin comes into view. It is wielding two +0 dire flails.
The water moccasin hisses angrily.
The yak bellows!
The ettin hits you with a +0 dire flail.
The ettin hits you but does no damage. The yak gores you but does no damage.
The ettin hits you with a +0 dire flail!!
Ouch! That really hurt!
The ettin hits you with a +0 dire flail!!
Ouch! That really hurt!
You die...

'.....#
#C....#
######.....#
....S..<...#
.#.........#
.......Y...#
##......Y..#
#######C###
##..@.#
#..####
##'#######
#........#
#..÷.....#
#..<.....#
#........#
#........#
#........#


You could see an ettin and a yak.

Vanquished Creatures
  A two-headed ogre (D:8)
  Psyche (D:8)
  Maggie (D:8)
  A hippogriff (D:8)
  A wyvern (D:8)
  4 yaks
  Grum (D:8)
  An ice beast (D:8)
  3 ogres
  4 phantoms
  3 wolves (D:8)
  3 centaurs
  Blork the orc (D:4)
  A bullfrog (D:6)
  A big kobold (D:7)
  3 scorpions
  A howler monkey (D:6)
  3 crimson imps
  2 centaur skeletons
  2 jellies
  A bullfrog skeleton (D:8)
  4 bullfrog zombies
  2 hounds
  An iguana (D:8)
  Jessica (D:2)
  2 orc wizards (D:6)
  5 worker ants
  A hound skeleton (D:6)
  A worker ant zombie (D:8)
  9 adders
  4 gnolls (D:6)
  9 river rats (D:5)
  A shadow imp (D:5)
  2 adder zombies
  2 oozes
  2 adder skeletons
  A worm (D:3)
  2 dart slugs
  3 leopard geckos
  17 orcs
  A ball python (D:5)
  3 giant cockroaches
  5 goblins
  10 hobgoblins
  6 jackals
  9 quokkas
  A ball python skeleton (D:4)
  6 bats
  7 frilled lizards
  14 kobolds
  A leopard gecko zombie (D:5)
  A quokka skeleton (D:4)
  20 rats
192 creatures vanquished.

Notes
Turn   | Place    | Note
-------+----------+-------------------------------------------
     0 | D:1      | DearestLeader the Gargoyle Earth Elementalist began the
                  | quest for the Orb.
     0 | D:1      | Reached XP level 1. HP: 10/10 MP: 3/3
   188 | D:1      | Reached skill level 4 in Earth Magic
   502 | D:1      | Reached XP level 2. HP: 15/15 MP: 1/5
  1268 | D:1      | Reached skill level 5 in Earth Magic
  1268 | D:1      | Reached XP level 3. HP: 19/19 MP: 6/6
  1517 | D:2      | Noticed Jessica
  1523 | D:2      | Killed Jessica
  1523 | D:2      | Reached XP level 4. HP: 17/24 MP: 4/7
  1793 | D:2      | Reached skill level 6 in Earth Magic
  2557 | D:3      | Reached skill level 7 in Earth Magic
  2557 | D:3      | Reached XP level 5. HP: 14/28 MP: 0/8
  3392 | D:4      | Noticed Blork the orc
  3399 | D:4      | Killed Blork the orc
  3399 | D:4      | Reached XP level 6. HP: 21/32 MP: 5/9
  3403 | D:4      | Learned a level 2 spell: Passwall
  3407 | D:4      | Learned a level 3 spell: Stone Arrow
  3538 | D:4      | You fall into a shaft and drop 2 floors!
  3547 | D:6      | Reached skill level 8 in Earth Magic
  3571 | D:6      | Noticed a phantom
  3579 | D:6      | Killed a phantom
  3579 | D:6      | Reached skill level 9 in Earth Magic
  3579 | D:6      | Reached XP level 7. HP: 31/36 MP: 4/10
  3679 | D:6      | Reached skill level 10 in Earth Magic
  3968 | D:5      | Entered Level 5 of the Dungeon
  3970 | D:5      | Found a radiant altar of Vehumet.
  3981 | D:5      | Became a worshipper of Vehumet
  4095 | D:5      | Found a radiant altar of Vehumet.
  4095 | D:5      | Found a glowing golden altar of the Shining One.
  4096 | D:5      | Found a basalt altar of Yredelemnul.
  4157 | D:4      | Reached XP level 8. HP: 36/41 MP: 12/12
  4394 | D:4      | Got a transparent robe
  4404 | D:4      | Identified the +2 robe of Restlessness {Regen+ Str+4 Dex-5}
                  | (You found it on level 4 of the Dungeon)
  4997 | D:5      | Found Weecage's Antique Weapon Shoppe.
  5201 | D:5      | Reached * piety under Vehumet
  5201 | D:5      | Offered knowledge of Foxfire by Vehumet.
  5241 | D:5      | Reached skill level 11 in Earth Magic
  6044 | D:6      | Reached ** piety under Vehumet
  6073 | D:6      | Offered knowledge of Magic Dart by Vehumet.
  6226 | D:6      | Found an ornate altar of the Wu Jian Council.
  6278 | D:6      | Learned a level 5 spell: Lee's Rapid Deconstruction
  6283 | D:6      | Learned a level 4 spell: Petrify
  6537 | D:7      | Found an ancient bone altar of Kikubaaqudgha.
  6537 | D:7      | Found an opulent altar of Gozag.
  6538 | D:7      | Found a hide-covered altar of Uskayaw.
  6540 | D:7      | Found a shattered altar of Ashenzari.
  6783 | D:7      | Found a sparkling altar of Nemelex Xobeh.
  6797 | D:7      | Reached skill level 1 in Conjurations
  6797 | D:7      | Reached skill level 12 in Earth Magic
  6869 | D:7      | Found Cefadghae's Distillery.
  6877 | D:7      | Bought a potion of heal wounds for 60 gold pieces
  6892 | D:7      | Reached XP level 9. HP: 41/45 MP: 14/16
  7033 | D:7      | Found a shadowy altar of Dithmenos.
  7035 | D:7      | Found a hazy altar of Hepliaklqana.
  7076 | D:7      | Found a staircase to the Ecumenical Temple.
  7220 | D:8      | Got a fading dagger
  7220 | D:8      | Identified the +11 dagger "Rarhed" {flame, Str+3} (You
                  | found it on level 8 of the Dungeon)
  7276 | D:8      | Noticed Psyche
  7281 | D:8      | Killed Psyche
  7310 | D:8      | Reached skill level 5 in Spellcasting
  7457 | D:8      | Noticed Maggie
  7465 | D:8      | Killed Maggie
  7465 | D:8      | Reached skill level 1 in Short Blades
  7612 | D:8      | Found a burning altar of Makhleb.
  7612 | D:8      | Noticed a blizzard demon
  7734 | D:8      | Noticed Grum
  7749 | D:8      | Killed Grum
  7753 | D:8      | Offered knowledge of Mephitic Cloud by Vehumet.
  7758 | D:8      | Learned a level 3 spell: Mephitic Cloud
  8280 | D:8      | Noticed a two-headed ogre
  8299 | D:8      | Killed a two-headed ogre
  8299 | D:8      | Reached skill level 5 in Fighting
  8299 | D:8      | Reached skill level 13 in Earth Magic
  8299 | D:8      | Reached XP level 10. HP: 14/59 MP: 4/18
  8757 | D:9      | Noticed a cyclops
  9005 | D:9      | Noticed an ettin
  9007 | D:9      | Mangled by an ettin

Illustrated notes

Levels and vault maps discovered:
D:1:      lemuel_arrival_behind_the_door_large, layout_loops_ring
D:2:      layout_loops_cross, st_stairs_13, lemuel_flame_loot_1, uniq_jessica
D:3:      layout_loops_ring
D:4:      layout_loops_corners, serial_glass, glass_columns_b, glass_columns_a,
          first_ration, uniq_blork_the_orc
D:5:      lemuel_ratsnest, layout_cave_pools,
          gammafunk_temple_overflow_forgotten, serial_shops, shop,
          vehumet_altar_wand_db
D:6:      layout_loops_ring, marbit_many_paths
D:7:      layout_rooms, riverfiend_overflow_shadow_ancestor,
          grunt_temple_overflow_open, temple_statues, serial_shops,
          nicolae_shop_stone
D:8:      layout_basic, makhleb_altar_promises_db, uniq_grum, uniq_psyche,
          uniq_maggie
D:9:      layout_roguey, serial_shops, shop, grunt_livestock, kennysheep_path_1,
          serial_bayou_pond_a, kennysheep_crisscross, jmf_multi_god_temple

Skill      XL: |  1  2  3  4  5  6  7  8  9 10 |
---------------+-------------------------------+-----
Earth Magic    | 4 5 7 9 10 12 13 | 13.5
Spellcasting   | 3 4 5 |  5.9
Conjurations   | 1 3 4 |  4.4
Fighting       | 5 |  5.0
Short Blades   | 3 4 |  4.4
Dodging        | |  1.5
Stealth        | |  2.1
Transmutations | |  0.7

Action                   |  1- 3 |  4- 6 |  7- 9 | 10-12 || total
-------------------------+-------+-------+-------+-------++-------
Melee: Unarmed           |    10 |       |       |       ||    10
       Dagger            |    32 |       |    77 |    39 ||   148
       Whip              |    25 |   102 |   455 |       ||   582
 Cast: Sandblast         |    23 |    22 |    54 |    10 ||   109
       Stone Arrow       |       |       |     2 |     3 ||     5
       Mephitic Cloud    |       |       |     2 |     1 ||     3
  Use: Scroll            |       |       |    11 |       ||    11
 Stab: Sleeping          |     6 |     4 |     8 |       ||    18
  Eat: Chunk             |     2 |     7 |    16 |     3 ||    28
Armor: Robe              |    30 |    42 |   264 |    16 ||   352
Dodge: Dodged            |    63 |    84 |   387 |    24 ||   558
